 Dungeon Crawl Stone Soup version 0.32-a0-868-g153ae1a8d6 (webtiles) character file.

Game seed: 2456433462357856328

2713 epen the Carver (level 9, -11/74 HPs)
             Began as a Gnoll Cinder Acolyte on Mar 28, 2024.
             Was a Believer of Ignis.
             Mangled by an ogre
             ... wielding a +0 giant club
              (26 damage)
             ... on level 6 of the Dungeon.
             The game lasted 00:10:43 (7243 turns).

epen the Carver (Gnoll Cinder Acolyte)              Turns: 7243, Time: 00:10:44

Health: -11/74     AC:  5    Str: 16    XL:     9   Next: 66%
Magic:  17/17      EV: 12    Int: 19    God:    Ignis [**....]
Gold:   207        SH:  0    Dex: 10    Spells: 19/19 levels left

rFire   + . .        B - +3 whip (freeze)
rCold   . . .        (no shield)
rNeg    . . .        b - +0 robe
rPois   .            (no helmet)
rElec   .            y - +1 cloak
rCorr   .            (no gloves)
SInv    .            j - +0 pair of boots
Will    +....        (no amulet)
Stlth   ++           m - ring of willpower
HPRegen 0.32/turn    v - +6 ring of intelligence
MPRegen 0.15/turn

%: no passive effects
@: no status effects
A: fangs 1, strong nose, distributed training
a: Renounce Religion, Fiery Armour, Foxfire Swarm


You were on level 6 of the Dungeon.
You worshipped Ignis.
Ignis was pleased with you.
You visited 1 branch of the dungeon, and saw 6 of its levels.
You also visited: Sewer.

You collected 207 gold pieces.

Inventory:

Hand Weapons
 a - a -1 falchion of flaming
 x - a +4 quarterstaff of protection
 B - a +3 whip of freezing (weapon)
 J - a +2 war axe of flaming
Armour
 b - a +0 robe (worn)
 f - a +0 scale mail of cold resistance
 j - a +0 pair of boots (worn)
 y - a +1 cloak (worn)
Jewellery
 m - a ring of willpower (left hand)
 u - a ring of flight
 v - a +6 ring of intelligence (right hand)
 E - a ring of protection from fire
Wands
 q - a wand of acid (11)
 A - a wand of flame (25)
Scrolls
 i - 3 scrolls of immolation
 k - 4 scrolls of teleportation
 n - a scroll of butterflies
 o - a scroll of noise
 w - 2 scrolls of revelation
 C - a scroll of enchant weapon
 F - 2 scrolls of acquirement {unknown}
 G - 2 scrolls of blinking
 I - a scroll of identify
Potions
 c - 2 potions of enlightenment
 d - 2 potions of mutation
 e - 2 potions of degeneration
 g - 5 potions of curing
 h - a potion of lignification {unknown}
 l - 2 potions of ambrosia
 p - a potion of brilliance
 r - 2 potions of resistance
 s - 2 potions of berserk rage
 t - 3 potions of invisibility
 z - 2 potions of attraction
 D - a potion of cancellation {unknown}
 H - a potion of might {unknown}


   Skills:
 + Level 8.1 Fighting
 + Level 4.6 Short Blades
 + Level 8.1 Long Blades
 + Level 4.6 Axes
 + Level 4.6 Maces & Flails
 + Level 4.6 Polearms
 + Level 4.6 Staves
 + Level 4.6 Ranged Weapons
 + Level 4.6 Throwing
 + Level 4.6 Armour
 + Level 4.6 Dodging
 + Level 4.6 Stealth
 + Level 4.6 Shields
 + Level 4.6 Unarmed Combat
 + Level 5.5 Spellcasting
 + Level 3.8 Conjurations
 + Level 3.8 Hexes
 + Level 3.8 Summonings
 + Level 3.8 Necromancy
 + Level 3.8 Translocations
 + Level 6.7 Fire Magic
 + Level 3.8 Ice Magic
 + Level 3.8 Air Magic
 + Level 3.8 Earth Magic
 + Level 3.8 Alchemy
 + Level 5.1 Invocations
 + Level 4.6 Evocations
 + Level 4.2 Shapeshifting


You had 19 spell levels left.
You didn't know any spells.
Your spell library contained the following spells:

 Spells                   Type           Power      Damage    Failure   Level
 Scorch                   Fire           62%        2d7       1%          2
 Freeze                   Ice            76%        1d8       2%          1
 Frozen Ramparts          Ice            38%        1d6       8%          3
 Hailstorm                Conj/Ice       19%        3d7       8%          3


Dungeon Overview and Level Annotations

Branches:
Dungeon (6/15)             Temple (0/1) D:4           Sewer (visited)

Altars:
Ashenzari
Cheibriados
Dithmenos
Elyvilon
Fedhas
Kikubaaqudgha
Qazlal
Trog
Uskayaw
Wu Jian
Yredelemnul
Zin
The Shining One

Annotations:
D:6 Grinder


Innate Abilities, Weirdness & Mutations

You have very sharp teeth.
Your uncanny sense of smell can sniff out nearby items.
Your experience applies equally to all skills.


Message History

The bullfrog hits you.
The orc shouts!
You hit the bullfrog. You freeze the bullfrog.
The bullfrog is lightly wounded.
The bullfrog hits you but does no damage.
You hit the bullfrog.
The bullfrog seems to slow down.
You freeze the bullfrog.
You bite the bullfrog, but do no damage.
The bullfrog is moderately wounded.
The bullfrog hits you. The ogre barely misses you.
You whack the bullfrog!
The bullfrog seems to slow down.
You freeze the bullfrog.
The bullfrog is severely wounded.
The bullfrog misses you. The orc misses you. The ogre barely misses you.
You hit the bullfrog. You freeze the bullfrog.
You kill the bullfrog!
The orc hits you with a +0 hand axe.
You hit the ogre. You freeze the ogre.
The ogre is lightly wounded.
The ogre hits you with a +0 giant club!!
The orc hits you but does no damage.
You barely miss the ogre.
The ogre is lightly wounded.
The orc completely misses you.
You barely miss the ogre.
The ogre is lightly wounded.
The ogre closely misses you. The orc hits you with a +0 hand axe.
You hit the ogre. You freeze the ogre.
The ogre is moderately wounded.
You hit the ogre. You freeze the ogre. You bite the ogre, but do no damage.
The ogre is severely wounded.
The orc hits you with a +0 hand axe.
The ogre hits you with a +0 giant club!!
* * * LOW HITPOINT WARNING * * *
You hit the ogre. You freeze the ogre.
The ogre is almost dead.
The orc hits you with a +0 hand axe.
* * * LOW HITPOINT WARNING * * *
The ogre hits you with a +0 giant club!!
You die...
Ignis goes out, and joins you in death.

*,*********** #######.######
*,,,,,,,,,,,* #######<######
*,*********,* #######.###### *,*
*,* #######.###### *,* *,*
#######.###### *,*
*,##############.###### *,*
*,#.......######.###### *,*
*,+............#.#...##
*,**********#...@..........#.#.##
*,*,,,,,,......oO....###..)#.#.##
*,*,,,,,,............#.....#.#.##
*,*,,,,,,........#+#.#.##..#,*.#
,,*,,,,,,....###.#.#.#.#...#.#.#
,,*,,,,,,....###.#.#.#.#.......*
,,*,*+***#.......#.#.#.#.###.#<*
,**,*,* #....#..<.#.........#.#
,**,*.#####*#.#....#.###.......#


You could see an ogre and an orc.

Vanquished Creatures
  Pikel (D:4)
  Maggie (D:6)
  Prince Ribbit (D:5)
  The ghost of hsi the Firebug, an amateur DrFE (D:5)
  Eustachio (D:4)
  A water moccasin (D:6)
  3 ogres
  A black bear (D:4)
  A centaur (D:6)
  2 lemures (D:3)
  A phantom (D:5)
  A bullfrog (D:6)
  2 brain worms (Sewer)
  2 scorpions
  A bombardier beetle (D:5)
  A hound (D:4)
  A jelly (D:5)
  Crazy Yiuf (D:3)
  An iguana (D:4)
  4 orc wizards
  13 adders
  3 river rats (Sewer)
  4 dart slugs
  2 ribbon worms (D:3)
  8 orcs
  7 ball pythons
  7 endoplasms
  6 giant cockroaches
  10 goblins
  10 hobgoblins
  2 jackals (D:2)
  6 quokkas
  8 bats
  8 frilled lizards
  7 kobolds
  9 rats
138 creatures vanquished.

Vanquished Creatures (others)
  An orc wizard (D:4)
  82 foxfires
83 creatures vanquished.

Grand Total: 221 creatures vanquished

Notes
Turn   | Place    | Note
-------+----------+-------------------------------------------
     0 | D:1      | epen the Gnoll Cinder Acolyte began the quest for the Orb.
     0 | D:1      | Reached XP level 1. HP: 23/23 MP: 4/4
   186 | D:1      | Found a faded altar of an unknown god.
   196 | D:1      | Reached XP level 2. HP: 29/29 MP: 5/5
  1080 | D:2      | Reached XP level 3. HP: 31/35 MP: 7/7
  1265 | D:2      | Reached skill level 1 in Invocations
  1288 | D:2      | Reached skill level 1 in Short Blades
  1288 | D:2      | Reached skill level 1 in Axes
  1288 | D:2      | Reached skill level 1 in Maces & Flails
  1288 | D:2      | Reached skill level 1 in Polearms
  1288 | D:2      | Reached skill level 1 in Staves
  1288 | D:2      | Reached skill level 1 in Ranged Weapons
  1288 | D:2      | Reached skill level 1 in Throwing
  1288 | D:2      | Reached skill level 1 in Armour
  1288 | D:2      | Reached skill level 1 in Dodging
  1288 | D:2      | Reached skill level 1 in Stealth
  1288 | D:2      | Reached skill level 1 in Shields
  1288 | D:2      | Reached skill level 1 in Unarmed Combat
  1288 | D:2      | Reached skill level 1 in Evocations
  1689 | D:2      | Reached skill level 1 in Shapeshifting
  1689 | D:2      | Reached XP level 4. HP: 37/41 MP: 8/8
  2371 | D:3      | Found a stormy altar of Qazlal.
  2371 | D:3      | Found a blossoming altar of Fedhas.
  2377 | D:3      | Reached skill level 1 in Conjurations
  2377 | D:3      | Reached skill level 1 in Hexes
  2377 | D:3      | Reached skill level 1 in Summonings
  2377 | D:3      | Reached skill level 1 in Necromancy
  2377 | D:3      | Reached skill level 1 in Translocations
  2377 | D:3      | Reached skill level 1 in Ice Magic
  2377 | D:3      | Reached skill level 1 in Air Magic
  2377 | D:3      | Reached skill level 1 in Earth Magic
  2377 | D:3      | Reached skill level 1 in Alchemy
  2680 | D:3      | Found a hide-covered altar of Uskayaw.
  2682 | D:3      | Found an ornate altar of the Wu Jian Council.
  2683 | D:3      | Found a broken altar of Ashenzari.
  2684 | D:3      | Found a basalt altar of Yredelemnul.
  2686 | D:3      | Found a snail-covered altar of Cheibriados.
  2774 | D:3      | Found a runed translucent door.
  2775 | D:3      | Noticed Crazy Yiuf
  3154 | D:3      | Killed Crazy Yiuf
  3155 | D:3      | Reached XP level 5. HP: 6/47 MP: 9/9
  3374 | D:4      | Noticed a black bear
  3377 | D:4      | Killed a black bear
  3440 | D:4      | Reached XP level 6. HP: 53/53 MP: 11/11
  3895 | D:4      | Found a staircase to the Ecumenical Temple.
  4003 | D:4      | Found an ancient bone altar of Kikubaaqudgha.
  4056 | D:4      | Found a shadowy altar of Dithmenos.
  4056 | D:4      | Found a bloodstained altar of Trog.
  4353 | D:4      | Reached XP level 7. HP: 60/60 MP: 12/12
  4389 | D:4      | Noticed Eustachio
  4397 | D:4      | Killed Eustachio
  4757 | D:5      | Entered Level 5 of the Dungeon
  4773 | D:5      | Noticed Pikel
  4974 | D:4      | Killed Pikel
  4975 | D:4      | Reached XP level 8. HP: 49/67 MP: 14/14
  5225 | D:5      | Noticed Prince Ribbit
  5240 | D:5      | Killed Prince Ribbit
  5461 | D:5      | Found a runed translucent door.
  5464 | D:5      | Noticed hsi's ghost (amateur DrFE)
  5988 | D:5      | Reached XP level 9. HP: 70/73 MP: 16/16
  6222 | D:5      | Found a glowing golden altar of the Shining One.
  6223 | D:5      | Found a glowing silver altar of Zin.
  6224 | D:5      | Found a white marble altar of Elyvilon.
  6295 | D:5      | Killed hsi's ghost
  6296 | D:5      | Reached skill level 5 in Spellcasting
  6536 | D:6      | Noticed Maggie
  6538 | D:6      | Found a glowing drain.
  6559 | Sewer    | Entered a sewer
  7066 | D:6      | Killed Maggie
  7067 | D:6      | Reached skill level 5 in Invocations
  7216 | D:6      | Noticed Grinder
  7243 | D:6      | Mangled by an ogre

Illustrated notes

Levels and vault maps discovered:
D:1:      onia_arrival_mini_spirals, layout_basic,
          hellmonk_ecumenical_altar_blasted, roderic_roman_lattice, st_stairs_6,
          minmay_pentomino_x2
D:2:      layout_loops_ring
D:3:      layout_loops_cross, grunt_temple_overflow_forces_of_nature,
          minitemple, hex_medium, minmay_strange_pillars, serial_park_tiny_2,
          uniq_crazy_yiuf_cottage
D:4:      layout_gridville, chequers_temple_overflow_statue_of_worship,
          minmay_temple_entry_statues_fountains, minmay_goblin_kobold_house,
          uniq_eustachio
D:5:      layout_basic, good_gods_temple_1, ebering_ghost_reflecting_pool,
          uniq_prince_ribbit1, uniq_pikel
D:6:      layout_basic, portal_sewer_entry_b, nicolae_alphabet_shops,
          dk_noncrumbling_3, uniq_grinder, uniq_maggie

Skill      XL: |  1  2  3  4  5  6  7  8  9 |
---------------+----------------------------+-----
Invocations    | 1 2 3 4 5 |  5.1
Short Blades   | 1 2 3 4 |  4.6
Axes           | 1 2 3 4 |  4.6
Maces & Flails | 1 2 3 4 |  4.6
Polearms       | 1 2 3 4 |  4.6
Staves         | 1 2 3 4 |  4.6
Ranged Weapons | 1 2 3 4 |  4.6
Throwing       | 1 2 3 4 |  4.6
Armour         | 1 2 3 4 |  4.6
Dodging        | 1 2 3 4 |  4.6
Stealth        | 1 2 3 4 |  4.6
Shields        | 1 2 3 4 |  4.6
Unarmed Combat | 1 2 3 4 |  4.6
Evocations     | 1 2 3 4 |  4.6
Shapeshifting  | 1 2 3 4 |  4.2
Spellcasting   | 3 4 5 |  5.5
Conjurations   | 1 2 3 |  3.8
Hexes          | 1 2 3 |  3.8
Summonings     | 1 2 3 |  3.8
Necromancy     | 1 2 3 |  3.8
Translocations | 1 2 3 |  3.8
Ice Magic      | 1 2 3 |  3.8
Air Magic      | 1 2 3 |  3.8
Earth Magic    | 1 2 3 |  3.8
Alchemy        | 1 2 3 |  3.8
Fighting       | 7 8 |  8.1
Long Blades    | 7 8 |  8.1
Fire Magic     | 6 |  6.7

Action                     |  1- 3 |  4- 6 |  7- 9 || total
---------------------------+-------+-------+-------++-------
  Melee: Falchion          |   112 |    97 |       ||   209
         Bite              |    10 |    19 |    23 ||    52
         Quarterstaff      |       |    96 |    41 ||   137
         Whip              |       |       |   215 ||   215
 Invoke: Fiery Armour      |       |     1 |       ||     1
         Foxfire Swarm     |       |     1 |     4 ||     5
         Rising Flame      |       |       |     1 ||     1
    Use: Scroll            |       |    16 |     5 ||    21
         Potion            |       |       |     1 ||     1
   Stab: Sleeping          |       |     3 |     4 ||     7
 Armour: Robe              |    74 |   142 |   178 ||   394
  Dodge: Dodged            |    67 |   105 |   137 ||   309

Table legend: (Time is in decaauts)
 A = Elapsed time spent in this place.
 B = Non-inter-level travel time spent in this place.
 C = Inter-level travel time spent in this place.
 D = Time resting spent in this place.
 E = Time spent auto-exploring this place.
 F = Levels seen in this place.
 G = Mean time per level.
                   A        B        C        D        E       F      G
               +--------+--------+--------+--------+--------+-----+--------+
         Total |   7265 |   7098 |    167 |    563 |   5178 |   7 | 1037.9 |
       Dungeon |   6745 |   6578 |    167 |    552 |   4829 |   6 | 1124.2 |
         Sewer |    520 |    520 |      0 |     11 |    349 |   1 |  520.0 |
               +--------+--------+--------+--------+--------+-----+--------+

Top non-repeatable levels by time:
     D:4: 1577 daAuts
     D:5: 1452 daAuts
     D:3: 1376 daAuts
     D:2: 1066 daAuts
     D:1: 1018 daAuts
   Sewer: 520 daAuts
     D:6: 254 daAuts
